 Dungeon Crawl Stone Soup version 0.31-a0-121-g1e386dd289 (webtiles) character file.

Game seed: 6117471858455839172

314 tilp the Sneak (level 6, 0/44 HPs)
             Began as a Vampire Enchanter on June 1, 2023.
             Was a Follower of Wu Jian.
             Succumbed to a gnoll's poison
             ... on level 4 of the Dungeon.
             The game lasted 00:03:39 (3065 turns).

tilp the Sneak (Vampire Enchanter)                  Turns: 3065, Time: 00:03:39

Health: 0/44       AC:  5    Str:  7    XL:     6   Next: 19%
Magic:  10/10      EV: 13    Int: 19    God:    Wu Jian [*.....]
Gold:   173        SH:  0    Dex: 15    Spells: 6/11 levels left

rFire   . . .        a - +1 dagger (drain)
rCold   . . .        (no shield)
rNeg    . . .        h - +1 robe {Will+}
rPois   .            (no helmet)
rElec   .            (no cloak)
rCorr   .            n - +0 pair of gloves
SInv    +            d - +0 pair of boots
Will    +....        (no amulet)
Stlth   +++          (no ring)
HPRegen 0.47/turn    (no ring)
MPRegen 0.12/turn

%: no passive effects
@: lethally poisoned (0 -> -16), healing quickly
A: alive, fangs 3, see invisible, vampiric 2
a: Exsanguinate, Renounce Religion


You were on level 4 of the Dungeon.
You worshipped Wu Jian.
Wu Jian was aware of your devotion.
You visited 1 branch of the dungeon, and saw 4 of its levels.

You collected 173 gold pieces.

Inventory:

Hand Weapons
 a - a +1 dagger of draining (weapon)
Missiles
 f - 35 stones (quivered)
 o - 6 curare-tipped darts
Armour
 d - a +0 pair of boots (worn)
 h - a +1 robe of willpower (worn)
 n - a +0 pair of gloves (worn)
Wands
 b - a wand of polymorph (10)
Scrolls
 k - a scroll of blinking
 p - a scroll of amnesia
Potions
 c - 2 potions of invisibility
 e - a potion of might {unknown}
 g - 2 potions of heal wounds {unknown}
 i - a potion of enlightenment {unknown}
 j - a potion of attraction {unknown}
 l - 2 potions of mutation {unknown}
 m - a potion of resistance {unknown}
 q - a potion of curing {unknown}


   Skills:
 * Level 2.3 Fighting
 * Level 3.4 Short Blades
 + Level 3.1 Dodging
 + Level 5.4 Stealth
 * Level 3.2 Spellcasting
 + Level 5.3 Hexes


You had 6 spell levels left.
You knew the following spells:

 Your Spells              Type           Power      Damage    Failure   Level
a - Ensorcelled Hibernat  Hex/Ice        26%        N/A       8%          2
b - Confusing Touch       Hex            23%        N/A       4%          3

Your spell library contained the following spells:

 Spells                   Type           Power      Damage    Failure   Level
 Tukima's Dance           Hex            23%        N/A       4%          3
 Dazzling Flash           Conj/Hex       26%        N/A       16%         3


Dungeon Overview and Level Annotations

Branches:
Dungeon (4/15)
 Temple: D:4-7

Altars:
Dithmenos
Wu Jian


Innate Abilities, Weirdness & Mutations

Your natural rate of healing is accelerated.
You have razor-sharp teeth.
You have supernaturally acute eyesight. (SInv)
You are afflicted with vampirism and can become a bat while bloodless.


Message History

You kill the orc!
The Council accepts your kill.
No target in view!
Things that are here:
a +0 club; an orc corpse A gnoll comes into view.
It is wielding a +0 spear.
A gnoll is nearby!
A gnoll is nearby!
A gnoll is nearby!
A gnoll is nearby!
A gnoll comes into view. It is wielding a +1 flail of venom.
A gnoll comes into view. It is wielding a +0 flail.
A gnoll comes into view. It is wielding a +0 whip.
The gnoll shouts! x3
The gnoll moves out of view.
The gnoll attacks as you move away! The gnoll barely misses you.
The gnoll attacks as you move away!
The gnoll hits you with a +1 flail of venom!
You are poisoned.
You feel very sick.
You feel very sick.
You feel sick. The gnoll attacks as you move away!
The gnoll completely misses you.
You feel sick.
You see here a ball python corpse.
You feel sick.
You feel sick. The gnoll attacks as you move away! The gnoll barely misses you.
You feel sick. The gnoll attacks as you move away!
The gnoll hits you with a +1 flail of venom.
You are more poisoned.
You feel sick. The gnoll attacks as you move away!
The gnoll hits you with a +1 flail of venom!
* * * LOW HITPOINT WARNING * * *
You are lethally poisoned!
* * * LOW HITPOINT WARNING * * *
You feel very sick. The gnoll attacks as you move away!
The gnoll barely misses you.
Found a stone staircase leading down.
You die...

###.##.#
#.....##.....##..##.#
#......#
###..###..#..###.#..
##.###.#####
#†.##..###..##...#
#.....#
##.g.g.###......##
#####.#
#.g..).#.......#
#####.#
#.###......##### #.#
#.....# #g# ####...#
#.# #.##### #.# ##.##
#.###.## #@# #.#
##.##...########.#
...
.................#
...#
##.##....#######.#
...#
##.###.#..>......#
##....##########.#
......# #.# ####..#
#># # #..#


You could see 3 gnolls.

Vanquished Creatures
  A black bear (D:4)
  Terence (D:2)
  An orc wizard (D:3)
  7 gnolls
  4 adders
  4 dart slugs (D:1)
  4 orcs
  9 bats
  4 endoplasms
  2 goblins
  4 hobgoblins
  3 jackals (D:3)
  2 kobolds
  3 quokkas (D:1)
  6 ball pythons
  A frilled lizard (D:1)
  6 rats
62 creatures vanquished.

Notes
Turn   | Place    | Note
-------+----------+-------------------------------------------
     0 | D:1      | tilp the Vampire Enchanter began the quest for the Orb.
     0 | D:1      | Reached XP level 1. HP: 13/13 MP: 3/3
   514 | D:1      | Reached XP level 2. HP: 20/20 MP: 5/5
   527 | D:1      | Learned a level 2 spell: Ensorcelled Hibernation
   802 | D:2      | Noticed Terence
   805 | D:2      | Killed Terence
   806 | D:2      | Reached skill level 1 in Fighting
   806 | D:2      | Gained mutation: You are afflicted with vampirism and can
                  | become a bat while bloodless. [Vampire growth]
   806 | D:2      | Reached XP level 3. HP: 26/26 MP: 6/6
   811 | D:2      | Learned a level 3 spell: Confusing Touch
   909 | D:2      | Reached XP level 4. HP: 32/32 MP: 7/7
  1107 | D:2      | Found a faded altar of an unknown god.
  1450 | D:2      | Found an ornate altar of the Wu Jian Council.
  1460 | D:2      | Became a worshipper of the Wu Jian Council
  1823 | D:3      | Reached skill level 5 in Stealth
  2076 | D:3      | Reached skill level 5 in Hexes
  2078 | D:3      | Reached XP level 5. HP: 38/38 MP: 9/9
  2342 | D:3      | Reached * piety under Wu Jian
  2677 | D:3      | Identified the +4 ring mail of Serendipity {-Cast rElec
                  | Will+++ Str+5}
  2937 | D:4      | Noticed a black bear
  2944 | D:4      | Killed a black bear
  2945 | D:4      | Reached XP level 6. HP: 39/44 MP: 5/10
  3001 | D:4      | Found a shadowy altar of Dithmenos.
  3065 | D:4      | Succumbed to a gnoll's poison

Illustrated notes

Levels and vault maps discovered:
D:1:      dpeg_arrival_leaves_temple_mockup, layout_loops_ring
D:2:      layout_loops_corners, basic_altar, ebering_ecumenical_altar_webs,
          minivault_27, uniq_terence
D:3:      layout_loops_corners
D:4:      kennysheep_spiral_hall, layout_loops_ring,
          nicolae_dithmenos_shadow_blocks

Skill      XL: |  1  2  3  4  5 |
---------------+----------------+-----
Fighting       | 1 2 |  2.3
Short Blades   | 2 3 |  3.4
Stealth        | 5 |  5.4
Hexes          | 5 |  5.3
Spellcasting   | 3 |  3.2
Dodging        | 3 |  3.1

Action                     |  1- 3 |  4- 6 || total
---------------------------+-------+-------++-------
  Melee: Dagger            |    54 |   105 ||   159
         Bite              |     4 |    11 ||    15
         Punch             |       |     1 ||     1
   Cast: Ensorcelled Hiber |     1 |    28 ||    29
Ability: Lunge             |       |    10 ||    10
    Use: Scroll            |     1 |     4 ||     5
   Stab: Sleeping          |     9 |    24 ||    33
 Armour: Robe              |    10 |    30 ||    40
  Dodge: Dodged            |    28 |    84 ||   112

Table legend: (Time is in decaauts)
 A = Elapsed time spent in this place.
 B = Non-inter-level travel time spent in this place.
 C = Inter-level travel time spent in this place.
 D = Time resting spent in this place.
 E = Time spent auto-exploring this place.
 F = Levels seen in this place.
 G = Mean time per level.
                   A        B        C        D        E       F      G
               +--------+--------+--------+--------+--------+-----+--------+
         Total |   3047 |   2977 |     70 |     47 |   2435 |   4 |  761.8 |
       Dungeon |   3047 |   2977 |     70 |     47 |   2435 |   4 |  761.8 |
               +--------+--------+--------+--------+--------+-----+--------+

Top non-repeatable levels by time:
     D:2: 1132 daAuts
     D:3: 1075 daAuts
     D:1: 626 daAuts
     D:4: 212 daAuts
